 Dungeon Crawl Stone Soup version 0.30.1-1-g62c8e00024 (webtiles) character file.

Game seed: 11331570150228543514

625 cheesebisquit the Scholar of Death (level 7, 33/35 (40) HPs)
             Began as a Deep Elf Necromancer on July 2, 2023.
             Was a Follower of Kikubaaqudgha.
             Quit the game on level 5 of the Dungeon on July 14, 2023.
             The game lasted 00:18:34 (5317 turns).

cheesebisquit the Scholar of Death (DENe)           Turns: 5317, Time: 00:18:34

HP:   33/35 (40)    AC:  5    Str:  2    XL:     7   Next: 23%
MP:   16/16         EV: 14    Int: 30    God:    Kikubaaqudgha [*.....]
Gold: 156           SH:  0    Dex: 15    Spells: 3/16 levels left

rFire   . . .        s - +3 hand axe of Makhluho {spect, rPois rN++ Str-3 Int+8}
rCold   . . .        (no shield)
rNeg    + + .        a - +1 robe
rPois   +            l - +0 helmet
rElec   .            u - +0 cloak
rCorr   .            (no gloves)
SInv    .            (no boots)
Will    .....        (no amulet)
Stlth   ++           (no ring)
HPRegen 0.25/turn    (no ring)
MPRegen 0.15/turn

%: no passive effects
@: heavily drained
A: no striking features
a: Renounce Religion, Unearth Wretches


You were on level 5 of the Dungeon.
You worshipped Kikubaaqudgha.
Kikubaaqudgha was aware of your devotion.
You visited 2 branches of the dungeon, and saw 6 of its levels.

You collected 268 gold pieces.
You spent 112 gold pieces at shops.

Inventory:

Hand Weapons
 r - a +0 sling
 s - the +3 hand axe of Makhluho (weapon) {spect, rPois rN++ Str-3 Int+8}
   (You found it on level 4 of the Dungeon)

   Str:       It affects your strength (-3).
   Int:       It affects your intelligence (+8).
   rPois:     It protects you from poison.
   rN:        It greatly protects you from negative energy.
Missiles
 c - 3 boomerangs
 g - 11 poisoned darts
 q - 3 atropa-tipped darts
Armour
 a - a +1 robe (worn)
 l - a +0 helmet (worn)
 u - a +0 cloak (worn)
Wands
 v - a wand of quicksilver (16)
Scrolls
 d - a scroll of torment
 e - a scroll of fog {unknown}
 h - 2 scrolls of amnesia
 j - a scroll of enchant weapon {unknown}
 k - 5 scrolls of teleportation
 o - 2 scrolls of blinking
Potions
 b - a potion of magic
 f - 4 potions of curing
 i - 2 potions of might
 m - 2 potions of lignification {unknown}
 n - a potion of resistance {unknown}
 p - a potion of brilliance {unknown}
 t - a potion of mutation {unknown}


   Skills:
 + Level 2.5 Fighting
 + Level 1.3 Axes
 + Level 4.6 Dodging
 - Level 2.4 Stealth
 + Level 5.3 Spellcasting
 * Level 7.5 Necromancy


You had 3 spell levels left.
You knew the following spells:

 Your Spells              Type           Power      Damage    Failure   Level
a - Necrotise             Necr           100%       1d9       1%          1
b - Vampiric Draining     Necr           52%        2d9       1%          3
c - Sublimation of Blood  Necr           52%        N/A       1%          2
d - Animate Dead          Necr           52%        N/A       2%          4
e - Kiss of Death         Conj/Necr      100%       2d13      1%          1
f - Cigotuvi's Dreadful   Necr/Pois/Air  44%        N/A       3%          2

Your spell library contained the following spells:

 Spells                   Type           Power      Damage    Failure   Level
 Apportation              Tloc           14%        N/A       6%          1
 Summon Small Mammal      Summ           28%        N/A       6%          1
 Wereblood                Tmut           7%         N/A       9%          2
 Agony                    Necr           52%        N/A       8%          5
 Summon Hydra             Summ           3%         N/A       100%        7


Dungeon Overview and Level Annotations

Branches:
Dungeon (5/15)             Temple (1/1) D:4

Altars:
Dithmenos
Elyvilon
Fedhas
Gozag
Hepliaklqana
Kikubaaqudgha
Makhleb
Nemelex Xobeh
Okawaru
Qazlal
Trog
Uskayaw
Vehumet
Wu Jian
Xom
Yredelemnul
Zin
The Shining One

Shops:
D:1 *   D:5 *


Message History

The ogre writhes in agony.
Aiming: Necrotise (safe; 1% risk of failure)
Press: ? - help, Q - select action, (/) - cycle Shift-Dir - straight line, f/p - ogre
Aim: an ogre, wielding a +0 giant spiked club (severely wounded, chance to affect: 83%)
The ogre writhes in agony.
Aiming: Necrotise (safe; 1% risk of failure)
Press: ? - help, Q - select action, (/) - cycle Shift-Dir - straight line, f/p - ogre
Aim: an ogre, wielding a +0 giant spiked club (severely wounded, chance to affect: 83%)
The ogre writhes in agony.
Aiming: Necrotise (safe; 1% risk of failure)
Press: ? - help, Q - select action, (/) - cycle Shift-Dir - straight line, f/p - ogre
Aim: an ogre, wielding a +0 giant spiked club (almost dead, chance to affect: 83%)
The ogre writhes in agony!
You kill the ogre!
Kikubaaqudgha accepts your kill.
Found an escape hatch in the floor.
Found a stone staircase leading down.
Found an escape hatch in the ceiling.
Okay, then.
You now have 147 gold pieces (gained 15).
You now have 156 gold pieces (gained 9).
An orc comes into view. It is wielding a +0 short sword.
The orc shouts!
Unknown command.
Unknown command.
Unknown command.
Saving game... please wait.
Welcome back, cheesebisquit the Deep Elf Necromancer.
Kikubaaqudgha says: Spread unending torment and darkness!
Press ? for a list of commands and other information.
Unknown command.
The orc hits you with a +0 short sword.
Unknown command.
Unknown command.
Unknown command.
Saving game... please wait.
Welcome back, cheesebisquit the Deep Elf Necromancer.
Kikubaaqudgha says: Spread unending torment and darkness!
Press ? for a list of commands and other information.
Are you sure you want to abandon this character and quit the game? (Confirm with "yes".)

.. ###....# .#..
#......####. #...
##.......... #...
###........ ...#
#.......... .# ##
##...#....#..### ##.
##...##..###....
#.o##....# #.##.....
#..@.....# ........
#...................
##..........# ##....
####.....### ##..#
####### ###


You could see an orc.

Vanquished Creatures
  A black bear (D:5)
  An ogre (D:5)
  A scorpion (D:5)
  A jelly (D:4)
  2 hounds
  An orc priest (D:4)
  An iguana (D:4)
  2 orc wizards
  A scorpion zombie (D:4)
  A howler monkey zombie (D:4)
  5 adders
  2 adder skeletons (D:4)
  A worm (D:2)
  A dart slug (D:2)
  5 orcs
  6 endoplasms
  4 giant cockroaches
  5 goblins
  9 hobgoblins
  4 jackals
  5 quokkas
  11 ball pythons
  7 bats
  4 frilled lizards
  7 kobolds
  8 rats
96 creatures vanquished.

Vanquished Creatures (collateral kills)
  An adder skeleton (D:4)
  A dart slug (D:2)
  A goblin (D:4)
  A ball python (D:3)
4 creatures vanquished.

Grand Total: 100 creatures vanquished

Notes
Turn   | Place    | Note
-------+----------+-------------------------------------------
     0 | D:1      | cheesebisquit the Deep Elf Necromancer began the quest for
                  | the Orb.
     0 | D:1      | Reached XP level 1. HP: 10/10 MP: 6/6
    85 | D:1      | Found Xoes's General Store.
   214 | D:1      | Reached skill level 5 in Necromancy
   214 | D:1      | Reached XP level 2. HP: 16/16 MP: 5/8
  1026 | D:1      | Bought a scroll of identify for 28 gold pieces
  1134 | D:2      | Reached XP level 3. HP: 20/20 MP: 5/10
  1384 | D:2      | Reached skill level 1 in Fighting
  2119 | D:2      | Found a radiant altar of Vehumet.
  2243 | D:3      | Learned a level 3 spell: Vampiric Draining
  2263 | D:3      | Reached XP level 4. HP: 25/25 MP: 4/11
  2352 | D:3      | Found a stormy altar of Qazlal.
  2509 | D:3      | Found a faded altar of an unknown god.
  2731 | D:1      | Bought 2 scrolls of teleportation for 84 gold pieces
  2892 | D:3      | Learned a level 2 spell: Sublimation of Blood
  2897 | D:3      | Learned a level 4 spell: Animate Dead
  3401 | D:3      | Reached skill level 6 in Necromancy
  3600 | D:4      | Found a staircase to the Ecumenical Temple.
  3606 | Temple   | Entered the Ecumenical Temple
  3803 | Temple   | Became a worshipper of Kikubaaqudgha
  3865 | D:4      | Reached XP level 5. HP: 29/29 MP: 6/13
  3966 | D:4      | Identified the +3 hand axe of Makhluho {spect, rPois rN++
                  | Str-3 Int+8}
  4134 | D:4      | Reached XP level 6. HP: 35/35 MP: 9/14
  4205 | D:4      | Reached * piety under Kikubaaqudgha
  4205 | D:4      | Received a gift from Kikubaaqudgha
  4211 | D:4      | Learned a level 1 spell: Kiss of Death
  4214 | D:4      | Learned a level 2 spell: Cigotuvi's Dreadful Rot
  4735 | D:5      | Entered Level 5 of the Dungeon
  4737 | D:5      | Found Ekeun's Assorted Antiques.
  4760 | D:5      | Found a basalt altar of Yredelemnul.
  4836 | D:5      | Reached skill level 7 in Necromancy
  4888 | D:5      | Reached skill level 1 in Axes
  4888 | D:5      | Reached skill level 5 in Spellcasting
  4931 | D:5      | Reached XP level 7. HP: 13/40 MP: 11/16
  5065 | D:5      | Found an iron altar of Okawaru.
  5316 | D:5      | Upgraded the game from 0.30.1 to 0.30.1-1-g62c8e00024
  5317 | D:5      | Quit the game

Illustrated notes

Levels and vault maps discovered:
D:1:      giann_horns, layout_basic, serial_shops, nicolae_shop_waterfront,
          minivault_26, minmay_pentomino_p4
D:2:      wander_river, layout_basic, basic_altar, minmay_bisected
D:3:      layout_loops_corners, mainiacjoe_overflow_tiny_flanked,
          dreamdust_ecumenical_altar_hidden_monk_grotto
D:4:      layout_cave_pools, minmay_temple_entry_hall, serial_undead,
          serial_undead_c, serial_undead_e, serial_undead_f, serial_undead_e,
          minivault_23
D:5:      layout_cave_pools, mainiacjoe_overflow_catch_the_wave, serial_shops,
          nicolae_shop_crystal, corexii_item_surrounded_by_moat
Temple:   bh_familiar_temple

Skill      XL: |  1  2  3  4  5  6 |
---------------+-------------------+-----
Necromancy     | 5 6 7 |  7.5
Dodging        | 3 4 |  4.6
Fighting       | 1 2 |  2.5
Spellcasting   | 4 5 |  5.3
Axes           | 1 |  1.3
Stealth        | |  2.4

Action                     |  1- 3 |  4- 6 |  7- 9 || total
---------------------------+-------+-------+-------++-------
  Melee: Hand axe          |       |    16 |       ||    16
         Punch             |       |     1 |       ||     1
   Fire: Sling             |       |     8 |       ||     8
   Cast: Necrotise         |    67 |   104 |    15 ||   186
         Vampiric Draining |     1 |       |       ||     1
         Animate Dead      |       |     1 |       ||     1
         Cigotuvi's Dreadf |       |       |     2 ||     2
    Use: Scroll            |     6 |     1 |       ||     7
 Armour: Robe              |     3 |    14 |     1 ||    18
  Dodge: Dodged            |     3 |    48 |     3 ||    54
